AoeStats
← Tunga

Arabia

508474664Analyzed
1v1 RM · 10d ago on Sep 22, 2026· 44m 25s· 2 players
Game mode
Random Map
Map size
Tiny (2 player)
Population
200
Speed
Normal
Resources
Standard
Victory
Conquest
Starting age
Dark Age
Ending age
Imperial Age
RankedLock teamsTeams togetherTeam positionsShared explorationLock speedFull tech treeHidden civsTurbo modeCheats
Victory
Defeat
🇩🇪 Mongols · Germany
775
+13
🇹🇷 Teutons · Türkiye
716
-13
Tunga
5:21 Loom
11:24 Feudal Age
12:06 Double-Bit Axe
13:23 Wheelbarrow
13:00 Horse Collar
20:30 Castle Age
20:04 Padded Archer Armor
19:55 Fletching
20:06 Scale Mail Armor
22:33 Elite Skirmisher
23:31 Leather Archer Armor
23:12 Bodkin Arrow
23:32 Chain Mail Armor
24:32 Hand Cart
25:55 Bloodlines
26:08 Town Watch
26:41 Forging
31:42 Ironclad
39:11 Imperial Age
40:27 Onager
HorstGünter1938
10:43 Feudal Age
17:20 Castle Age
15:53 Double-Bit Axe
16:19 Horse Collar
18:35 Bow Saw
18:27 Heavy Plow
20:28 Stone Mining
20:56 Elite Skirmisher
21:30 Fletching
22:50 Ballistics
24:03 Bodkin Arrow
25:50 Wheelbarrow
27:34 Gold Mining
28:27 Padded Archer Armor
28:17 Pikeman
33:48 Imperial Age
33:07 Gold Shaft Mining
33:09 Stone Shaft Mining
33:30 Hand Cart
33:34 Leather Archer Armor
34:18 Scale Mail Armor
34:26 Scale Barding Armor
34:53 Conscription
35:23 Capped Ram
36:36 Bracer
36:57 Chain Barding Armor
36:59 Siege Ram
38:02 Drill
39:26 Chemistry
43:02 Siege Engineers
Connection lost

Rejoining the realm…

Still unreachable

The connection could not be restored.

Session expired

The server has moved on; the page needs a fresh start.